 Dungeon Crawl Stone Soup version 0.30-a0-881-g1ff12e1e11 (webtiles) character file.

Game seed: 1396326023055427434

47 domi the Conjurer (level 3, 0/24 HPs)
             Began as a Demonspawn Conjurer on Mar 14, 2023.
             Killed by divine providence
             ... invoked by an orc priest
              (13 damage)
             ... on level 2 of the Dungeon.
             The game lasted 00:01:56 (1619 turns).

domi the Conjurer (Demonspawn Conjurer)             Turns: 1619, Time: 00:01:57

Health: 0/24       AC:  2    Str:  7    XL:     3   Next: 48%
Magic:  3/6        EV: 12    Int: 21    God:
Gold:   67         SH:  0    Dex: 11    Spells: 5/6 levels left

rFire   . . .      SeeInvis .    e - +0 short sword
rCold   . . .      Faith    .    (no shield)
rNeg    . . .      Spirit   .    a - +0 robe
rPois   .          Reflect  .    (helmet restricted)
rElec   .          Rampage  .    (no cloak)
rCorr   .                        (no gloves)
Will    .....                    (no boots)
Stlth   ++                       (no amulet)
HPRegen 0.24/turn                (no ring)
MPRegen 0.10/turn                (no ring)

@: no status effects
A: horns 1, powered by death 1
a: no special abilities


You were on level 2 of the Dungeon.
You visited 1 branch of the dungeon, and saw 2 of its levels.

You collected 67 gold pieces.

Inventory:

Hand Weapons
 e - a +0 short sword (weapon)
   (You took it off a kobold on level 1 of the Dungeon)
Armour
 a - a +0 robe (worn)
Scrolls
 c - a scroll of identify {unknown}
 d - 5 scrolls of teleportation {unknown}
 i - a scroll of immolation {unknown}
Potions
 b - a potion of magic
 f - a potion of brilliance {unknown}
 g - a potion of cancellation {unknown}
 h - a potion of haste {unknown}


   Skills:
 - Level 1.7 Dodging
 - Level 1.7 Stealth
 - Level 2.0 Spellcasting
 + Level 5.3 Conjurations


You had 5 spell levels left.
You knew the following spells:

 Your Spells              Type           Power      Damage    Failure   Level
z - Magic Dart            Conj           96%        1d7       1%          1

Your spell library contained the following spells:

 Spells                   Type           Power      Damage    Failure   Level
 Searing Ray              Conj           48%        2d6       2%          2
 Apportation              Tloc           4%         N/A       14%         1
 Dazzling Flash           Conj/Hex       26%        N/A       16%         3
 Fulminant Prism          Conj/Hex       6%         3d7       45%         4
 Iskenderun's Mystic Bla  Conj/Tloc      13%        2d5       45%         4
 Alistair's Intoxication  Tmut/Pois      1%         N/A       99%         5


Dungeon Overview and Level Annotations

Branches:
Dungeon (2/15)

Altars:

Shops:
D:1 ?


Innate Abilities, Weirdness & Mutations

You have a pair of small horns on your head.
You regenerate a little health from kills.


Message History

The magic dart hits the kobold.
You kill the kobold!
A hobgoblin comes into view.
A hobgoblin is nearby!
A hobgoblin is nearby!
Aim: a hobgoblin (asleep, 100% to hit)
The magic dart hits the hobgoblin but does no damage.
The hobgoblin shouts!
Aim: a hobgoblin (100% to hit)
The magic dart hits the hobgoblin.
Aim: a hobgoblin (heavily wounded, 100% to hit)
The magic dart hits the hobgoblin but does no damage.
Aim: a hobgoblin (heavily wounded, 100% to hit)
The magic dart hits the hobgoblin.
Aim: a hobgoblin (severely wounded, 100% to hit)
The magic dart hits the hobgoblin but does no damage.
Aim: a hobgoblin (severely wounded, 100% to hit)
The magic dart hits the hobgoblin.
You kill the hobgoblin!
You now have 49 gold pieces (gained 15).
Things that are here:
a +0 club; a goblin corpse You see here a +0 short sword.
You see here 7 stones.
h - a fuming emerald potion A kobold comes into view.
It is wielding a +0 short sword.
The kobold shouts!
You see here 15 gold pieces.
A kobold is nearby!
A kobold is nearby!
Aim: a kobold, wielding a +0 short sword (100% to hit)
The magic dart hits the kobold.
Aim: a kobold, wielding a +0 short sword (moderately wounded, 100% to hit)
The magic dart hits the kobold!
You kill the kobold!
You can't see any susceptible monsters within range! (Use Z to cast anyway.)
You now have 64 gold pieces (gained 15).
Found a stone staircase leading down.
You see here a +0 short sword.
You now have 67 gold pieces (gained 3).
i - a scroll labelled KAL XIOMOYHAGI A bat comes into view.
A bat is nearby!
Aim: a bat (100% to hit)
The magic dart hits the bat.
A frilled lizard comes into view.
Aim: a bat (severely wounded, 100% to hit)
The magic dart hits the bat.
You kill the bat!
The frilled lizard hisses angrily.
Aim: a frilled lizard (100% to hit)
The magic dart hits the frilled lizard.
You kill the frilled lizard!
Okay, then.
A ball python comes into view.
A ball python is nearby!
A ball python is nearby!
Aim: a ball python (wandering, hasn't noticed you, 100% to hit)
You miscast Magic Dart.
You are very lightly contaminated with residual magic.
Nothing appears to happen.
Aim: a ball python (100% to hit)
The magic dart hits the ball python.
Aim: a ball python (severely wounded, 100% to hit)
The magic dart hits the ball python!
You kill the ball python!
You don't have enough magic to cast this spell.
Your magical contamination has completely faded away.
An orc and an orc priest come into view.
The orc is wielding a +0 war axe of electrocution.
There are monsters nearby!
There are monsters nearby!
Aim: an orc, wielding a +0 war axe of electrocution and wearing a +0 leather armour (asleep, 100% to hit)
The magic dart hits the orc.
The orc shouts!
The orc priest shouts!
Aim: an orc, wielding a +0 war axe of electrocution and wearing a +0 leather armour (moderately wounded, 100% to hit)
The magic dart hits the orc.
A kobold comes into view. It is wielding a +0 short sword.
An orc comes into view. It is wielding a +0 club.
An orc comes into view. It is wielding a +0 hand axe.
Aim: an orc, wielding a +0 war axe of electrocution and wearing a +0 leather armour (heavily wounded, 100% to hit)
The magic dart hits the orc!
You kill the orc!
The kobold shouts!
The orc shouts! x2; You hear a shout! x2
An orc comes into view. It is wielding a +0 hand axe.
Aim: an orc priest, wielding a +0 flail and wearing a +0 leather armour (100% to hit)
You miscast Magic Dart.
You are very lightly contaminated with residual magic.
Nothing appears to happen.
The orc shouts!
You hear a shout!
The orc priest mumbles some strange prayers to Beogh against you.
You barely resist.
The orc priest mumbles some strange prayers to Beogh against you.
Pain shoots through your body!
Ouch! That really hurt!
Your magical contamination has completely faded away.
The orc priest mumbles some strange prayers to Beogh against you.
Beogh smites you!
Ouch! That really hurt!
You die...

####........# #...$...#
#........# #.......#
#........# #...o...#
###........# #.......#
#..........#####†..##
#...)...#####.o.....#
######.)..##.# ##.K....##
#<......)..#.####..o........
#............@...........###
#...÷....................#
.................#....#..#.#
................###.#.......#
..............#.###.####.....
####............(......####...
#######........#.#.### ..
###.### #.#......#.#.##
......# #.#.##........##..


You could see an orc priest.

Vanquished Creatures
  A dart slug (D:2)
  An orc (D:2)
  2 ball pythons
  2 bats
  5 endoplasms (D:1)
  2 giant cockroaches (D:1)
  3 goblins
  5 hobgoblins
  4 jackals (D:1)
  A quokka (D:2)
  2 frilled lizards
  8 kobolds
  A rat (D:1)
37 creatures vanquished.

Notes
Turn   | Place    | Note
-------+----------+-------------------------------------------
     0 | D:1      | domi the Demonspawn Conjurer began the quest for the Orb.
     0 | D:1      | Reached XP level 1. HP: 13/13 MP: 3/3
   196 | D:1      | Found Soblaisk's Magic Scroll Shoppe.
   264 | D:1      | Gained mutation: You regenerate a little health from kills.
                  | [demonic ancestry]
   264 | D:1      | Reached XP level 2. HP: 19/19 MP: 0/5
   881 | D:1      | Found a faded altar of an unknown god.
   884 | D:1      | Reached skill level 5 in Conjurations
   885 | D:1      | Gained mutation: You have a pair of small horns on your
                  | head. [demonic ancestry]
   885 | D:1      | Reached XP level 3. HP: 24/24 MP: 2/6
  1619 | D:2      | Killed from afar by an orc priest

Illustrated notes

Levels and vault maps discovered:
D:1:      wander_arrival_lonely_grave, layout_basic, serial_shops, shop,
          hellmonk_ecumenical_altar_crossroads, minmay_misc_feat_encased
D:2:      layout_basic, uniq_robin

Skill      XL: |  1  2 |
---------------+-------+-----
Conjurations   | 5 |  5.3
Dodging        | |  1.7
Stealth        | |  1.7
Spellcasting   | |  2.0

Action                     || total
---------------------------++-------
  Melee: Short sword       ||    26
         Unarmed           ||     1
         Punch             ||     1
   Cast: Magic Dart        ||    69
 Armour: Robe              ||     7
  Dodge: Dodged            ||    29

Table legend: (Time is in decaauts)
 A = Elapsed time spent in this place.
 B = Non-inter-level travel time spent in this place.
 C = Inter-level travel time spent in this place.
 D = Time resting spent in this place.
 E = Time spent auto-exploring this place.
 F = Levels seen in this place.
 G = Mean time per level.
                   A        B        C        D        E       F      G
               +--------+--------+--------+--------+--------+-----+--------+
         Total |   1618 |   1585 |     33 |     93 |   1295 |   2 |  809.0 |
       Dungeon |   1618 |   1585 |     33 |     93 |   1295 |   2 |  809.0 |
               +--------+--------+--------+--------+--------+-----+--------+

Top non-repeatable levels by time:
     D:1: 1222 daAuts
     D:2: 395 daAuts

Table legend:
 A = Kills in this place as a percentage of kills in the entire game.
 B = Kills by you in this place as a percentage of kills by you in the entire game.
 C = Kills by friends in this place as a percentage of kills by friends in the entire game.
 D = Other kills in this place as a percentage of other kills in the entire game.
 E = Experience gained in this place as a percentage of experience gained in the entire game.
 F = Experience gained in this place divided by the number of levels of this place that you have seen.
                   A       B       C       D       E      F
               +-------+-------+-------+-------+-------+----------------------
         Total | 100.0 | 100.0 |   N/A |   N/A | 100.0 |  34.0
       Dungeon | 100.0 | 100.0 |   N/A |   N/A | 100.0 |  34.0
               +-------+-------+-------+-------+-------+----------------------
